Map: Bel'Shir Vestige LE (Void)

Players

FrogMint - Winner!

  • Race: Zerg Zerg
  • Spawn Location: 11:00

dallaskuken

  • Race: Protoss Protoss
  • League: Platinum
  • Spawn Location: 5:00

VOD

Have the link to the VOD?

Description

Time

  • Played on: March 17, 2017, 5:37 p.m.
  • Length: 4:45
Show
View Real Time Build Order
Export as new Build Order

FrogMint Zerg - Winner!

Build Orders: Hatch First 

Get SALT Encoding   

  12  0:01  Drone  
  13  0:13  Overlord  
  13  0:17  Drone  
  14  0:31  Drone  
  14  0:34  Drone  
  16  0:38  Drone  
  17  0:56  Drone  
  18  0:59  Hatchery  
  18  1:03  Drone  
  18  1:09  Extractor  
  17  1:16  Spawning Pool  
  17  1:18  Drone  
  17  1:28  Drone  
  17  1:29  Drone  
  19  1:39  Drone  
  20  1:50  Drone  
  21  2:04  Drone  
  22  2:10  Queen  
  22  2:11  Queen  
  22  2:13  Overlord  
  26  2:16  Drone  
  27  2:23  Drone  
  28  2:35  Zergling x6  
  31  2:44  Spine Crawler  
  31  2:46  Spine Crawler  
  31  2:51  Zergling x4  
  29  3:09  Zergling x4  
  29  3:12  Zergling x4  
  32  3:22  Zergling x2  
  32  3:23  Zergling x2  
  32  3:25  Queen  
  36  3:35  Lair  
  36  3:36  Overlord  
  36  3:55  Drone x2  
  38  3:56  Drone x3  
  40  4:26  Zergling x4  
  40  4:27  Zergling x4  
Show
View Real Time Build Order
Export as new Build Order

dallaskuken Protoss 

Build Orders:  

Get SALT Encoding   

  12  0:01  Probe (Chrono Boost)  
  14  0:14  Probe (Chrono Boost)  
  14  0:25  Probe (Chrono Boost)  
  15  0:46  Pylon  
  15  1:05  Gateway, Probe (Chrono Boost)  
  15  1:07  Gateway  
  16  1:15  Probe (Chrono Boost)  
  17  1:22  Pylon  
  17  1:26  Probe (Chrono Boost)  
  18  1:36  Probe (Chrono Boost)  
  20  1:47  Probe (Chrono Boost)  
  20  1:52  Cybernetics Core  
  20  1:54  Assimilator  
  20  1:57  Probe (Chrono Boost)  
  20  1:59  Assimilator  
  20  2:01  Zealot x2  
  25  2:08  Probe (Chrono Boost)  
  26  2:18  Probe (Chrono Boost)  
  27  2:30  Probe (Chrono Boost)  
  27  2:36  Zealot  
  30  2:44  Pylon  
  30  2:45  Pylon  
  30  2:46  Warp Gate  
  28  3:41  Stargate  
  28  3:44  Stargate  
  23  3:58  Probe (Chrono Boost)  
  24  4:11  Pylon x2  
Tags
 
Add a new tag
Caveats
  • Supply blocks, unpowered buildings, or Contaminate may cause inaccurate times.
  • Supply counts are checked every 10 seconds.